 Dungeon Crawl Stone Soup version 0.30-b1-2-g02819fbbbe (webtiles) character file.

Game seed: 11473348932087770900

28 Alarkh the Shooter (level 2, -1/22 HPs)
             Began as a Demonspawn Hunter on May 25, 2023.
             Slain by Sigmund
             ... wielding a +0 scythe
              (7 damage)
             ... on level 2 of the Dungeon.
             The game lasted 00:00:43 (1132 turns).

Alarkh the Shooter (Demonspawn Hunter)              Turns: 1132, Time: 00:00:44

Health: -1/22      AC:  3    Str: 11    XL:     2   Next: 96%
Magic:  2/2        EV: 11    Int: 10    God:
Gold:   68         SH:  0    Dex: 16    Spells: 1/1 levels left

rFire   . . .        a - +0 shortbow
rCold   . . .        (shield currently unavailable)
rNeg    . . .        c - +0 leather armour
rPois   .            (no helmet)
rElec   .            (no cloak)
rCorr   .            (no gloves)
SInv    .            (no boots)
Will    .....        (no amulet)
Stlth   +            (no ring)
HPRegen 0.23/turn    (no ring)
MPRegen 0.08/turn

%: no passive effects
@: no status effects
A: weakness stinger 1
a: no special abilities


You were on level 2 of the Dungeon.
You visited 1 branch of the dungeon, and saw 2 of its levels.

You collected 68 gold pieces.

Inventory:

Hand Weapons
 a - a +0 shortbow (weapon)
Armour
 c - a +0 leather armour (worn)
Scrolls
 b - a scroll of immolation
 d - a scroll of noise {unknown}
 e - a scroll of vulnerability {unknown}
Potions
 f - 2 potions of curing {unknown}
 g - 2 potions of degeneration {unknown}


   Skills:
 - Level 2.0 Fighting
 + Level 4.5 Ranged Weapons
 - Level 1.7 Dodging
 - Level 0.8 Stealth


You had one spell level left.
You didn't know any spells.
Your spell library was empty.

Dungeon Overview and Level Annotations

Branches:
Dungeon (2/15)

Altars:

Annotations:
D:2 Sigmund


Innate Abilities, Weirdness & Mutations

You have a small tail.


Message History

A frilled lizard is nearby!
A frilled lizard is nearby!
You shoot an arrow.
The arrow closely misses the frilled lizard.
You shoot an arrow. The arrow hits the frilled lizard.
You kill the frilled lizard!
No target in view!
Found a stone staircase leading down.
A quokka comes into view.
A quokka is nearby!
You shoot an arrow. The arrow hits the quokka.
You kill the quokka!
No target in view!
No target in view!
You now have 68 gold pieces (gained 15).
Sigmund the Dreaded comes into view.
He is wielding a +0 scythe.
Found a crooked runed staff.
Sigmund is nearby!
Sigmund is nearby!
You shoot an arrow. The arrow hits Sigmund.
Sigmund shouts!
Sigmund is lightly wounded.
You shoot an arrow. The arrow barely misses Sigmund.
You shoot an arrow. The arrow barely misses Sigmund.
You shoot an arrow.
The arrow hits Sigmund but does no damage.
Sigmund is lightly wounded.
Sigmund closely misses you.
You shoot an arrow. The arrow barely misses Sigmund.
Sigmund hits you from afar with a +0 scythe.
You shoot an arrow.
The arrow hits Sigmund but does no damage.
Sigmund is lightly wounded.
You shoot an arrow. The arrow hits Sigmund!
Sigmund is moderately wounded.
Sigmund casts a spell at you. The magic dart hits you!
* * * LOW HITPOINT WARNING * * *
Sigmund hits you from afar with a +0 scythe!
You die...

.##.###>..# #........
.##.# ###.# #.......|
###.# #.# #........ #
#.#####.#######........
#
#..................@...
#########.#######.#
................#@#
##########.####.#.# #
#.##...@.# # #.##.#.###
#.##.#.# #....#.#
######.. ###


You could see Sigmund.

Vanquished Creatures
  An adder (D:2)
  A bat (D:1)
  An endoplasm (D:1)
  A giant cockroach (D:1)
  2 goblins (D:1)
  3 hobgoblins (D:1)
  2 kobolds (D:1)
  2 quokkas
  2 ball pythons (D:1)
  A frilled lizard (D:2)
16 creatures vanquished.

Notes
Turn   | Place    | Note
-------+----------+-------------------------------------------
     0 | D:1      | Alarkh the Demonspawn Hunter began the quest for the Orb.
     0 | D:1      | Reached XP level 1. HP: 16/16 MP: 1/1
   183 | D:1      | Reached skill level 4 in Ranged Weapons
   198 | D:1      | Discovered your monstrous ancestry.
   198 | D:1      | Gained mutation: You have a small tail. [demonic ancestry]
   198 | D:1      | Reached XP level 2. HP: 22/22 MP: 2/2
  1122 | D:2      | Noticed Sigmund
  1132 | D:2      | Slain by Sigmund

Illustrated notes

Levels and vault maps discovered:
D:1:      wander_arrival_desolate, layout_basic
D:2:      layout_basic, uniq_sigmund, uniq_natasha

Skill      XL: |  1 |
---------------+----+-----
Ranged Weapons | 4 |  4.5
Fighting       | |  2.0
Dodging        | |  1.7
Stealth        | |  0.8

Action                     || total
---------------------------++-------
   Fire: Shortbow          ||    40
 Armour: Leather armour    ||     1
  Dodge: Dodged            ||     3
